 Dungeon Crawl Stone Soup version 0.20-a0-1074-g6a0a8e1 (webtiles) character file.

45 FastMan the Chopper (level 3, 0/34 HPs)
             Began as a Deep Dwarf Fighter on Apr 29, 2017.
             Slain by a jackal (1 damage)
             ... on level 3 of the Dungeon.
             The game lasted 00:02:16 (1269 turns).

FastMan the Chopper (Deep Dwarf Fighter)            Turns: 1269, Time: 00:02:17

Health: 0/34       AC:  0    Str: 19    XL:     3   Next: 42%
Magic:  3/3        EV: 11    Int:  8    God:
Gold:   59         SH:  2    Dex: 13    Spells: 2/2 levels left

rFire    . . .     SeeInvis .   a - +0 war axe
rCold    . . .     Gourm    .   (no shield)
rNeg     . . .     Faith    .   (no armour)
rPois    .         Spirit   .   (no helmet)
rElec    .         Reflect  +   (no cloak)
rCorr    +         Harm     .   (no gloves)
MR       .....                  (no boots)
Stlth    +.........             n - +2 amulet of reflection
Regen    0.0/turn               m - ring of resist corrosion (curse)
MPRegen  0.1/turn               (no ring)

@: non-regenerating
A: damage resistance, heal wounds, sense surroundings 1, no regeneration
a: Heal Wounds


You were on level 3 of the Dungeon.
You were not hungry.

You visited 1 branch of the dungeon, and saw 3 of its levels.

You collected 59 gold pieces.

Inventory:

Hand Weapons
 a - a +0 war axe (weapon)
Armour
 b - a +0 scale mail
 c - a +0 shield
 l - a +0 cloak
Jewellery
 m - a cursed ring of resist corrosion (left hand)
 n - a +2 amulet of reflection (around neck)
Scrolls
 e - a scroll of recharging {unknown}
 h - a scroll of remove curse {unknown}
 p - a scroll of identify {unknown}
Potions
 d - a potion of might {@q4}
 g - a potion of brilliance {unknown}
 j - 2 potions of mutation {unknown}
 k - a potion of degeneration {unknown}
 q - a potion of curing {unknown}
Comestibles
 f - a bread ration {@e1}
 i - a meat ration {@e2}


   Skills:
 + Level 3.1 Fighting
 * Level 3.8 Axes
 - Level 3.2 Armour
 - Level 3.2 Shields


You had 2 spell levels left.
You didn't know any spells.

Dungeon Overview and Level Annotations

Branches:
Dungeon (3/15)

Altars:


Innate Abilities, Weirdness & Mutations

You are resistant to damage.
You can heal yourself by infusing magical energy.
You passively map a small area around you.
You do not regenerate.


Message History

The jackal barely misses you. The kobold hits you.
You block the jackal's attack. The orc misses you.
The leopard gecko zombie bites you.
* * * LOW HITPOINT WARNING * * *
You block the jackal's attack. The kobold barely misses you.
You block the jackal's attack. The jackal closely misses you.
The kobold closely misses you. The jackal bites you. The orc barely misses you.
The leopard gecko zombie barely misses you.
The jackal closely misses you. The jackal barely misses you.
The kobold closely misses you. The jackal completely misses you.
The kobold closely misses you. The orc closely misses you.
The jackal closely misses you.
You block the leopard gecko zombie's attack.
The jackal bites you. You block the jackal's attack. The kobold hits you.
* * * LOW HITPOINT WARNING * * *
The jackal misses you. The jackal bites you. The kobold hits you.
* * * LOW HITPOINT WARNING * * *
The orc closely misses you. The leopard gecko zombie bites you.
The jackal bites you.
You die...

, , , *, #..... *
#...... *##)......,
, ##........ * ,
#..?......
#######.S....... ,
......#Khh....≈.
**, ##..'.@Kb)...§
, , * ..
*##...'hZo.....≈ ,
... #.)).#..K....≈.
,
....#....#.....§..K
, *
..[.#....#.........
*
.........##....§...
,*
....#.....##.......
, *
...........##......
....#.......##.!.


You could see an adder, an orc, a leopard gecko zombie, 3 jackals, a bat and 4
kobolds.

Vanquished Creatures
  2 adders (D:2)
  An ooze (D:3)
  A dart slug (D:1)
  A leopard gecko (D:3)
  An orc (D:3)
  2 goblins (D:2)
  3 kobolds (D:2)
  A bat (D:1)
  6 frilled lizards
  4 rats
22 creatures vanquished.

Notes
Turn   | Place    | Note
-------+----------+-------------------------------------------
     0 | D:1      | FastMan the Deep Dwarf Fighter began the quest for the Orb.
     0 | D:1      | Reached XP level 1. HP: 20/20 MP: 1/1
   251 | D:2      | Reached XP level 2. HP: 21/27 MP: 2/2
   523 | D:2      | Reached XP level 3. HP: 22/34 MP: 3/3
  1269 | D:3      | HP: 1/34 [kobold (2)]
  1269 | D:3      | Slain by a jackal

Vault maps used:
D:1:      minmay_arrival_doors
D:2:      dk_noncrumbling_3, hangedman_decor_riveting, minmay_fountain_box
D:3:      kennysheep_big_flooded_room, lemuel_zombie_altar_kikubaaqudgha,
          nicolae_dithmenos_shadow_blocks, kennysheep_slug_shrine

Skill      XL: |  1  2 |
---------------+-------+-----
Axes           | 3 |  3.8
Fighting       | 3 |  3.1
Armour         | |  3.2
Shields        | |  3.2

Action                   || total
-------------------------++-------
Melee: War axe           ||    86
 Abil: Heal Wounds       ||     1
  Eat: Chunk             ||     1
Armor: Scale mail        ||    65
Dodge: Dodged            ||   112
Block: Shield            ||    98
       Other             ||    10
